 Dungeon Crawl Stone Soup version 0.26.1-11-gd32895ea62 (webtiles) character file.

Game seed: 8120766600042120396

41027 tizbic2 the Peltast (level 14, -2/117 HPs)
             Began as an Ogre Venom Mage on July 3, 2021.
             Was an Elder of Hepliaklqana.
             Killed from afar by a shock serpent (25 damage)
             ... with a bolt of electricity
             ... on level 1 of the Snake Pit.
             The game lasted 02:13:35 (18581 turns).

tizbic2 the Peltast (Ogre Venom Mage)              Turns: 18581, Time: 02:13:36

Health: -2/117     AC: 10    Str: 15    XL:     14   Next: 13%
Magic:  26/26      EV: 12    Int: 17    God:    Hepliaklqana [****..]
Gold:   685        SH: 21    Dex: 12    Spells: 14/29 levels left

rFire    . . .     SeeInvis .   G - +5 morningstar
rCold    . . .     Faith    .   Q - +2 tower shield
rNeg     . . .     Spirit   .   L - +2 troll leather armour
rPois    +         Reflect  .   (helmet restricted)
rElec    .         Harm     .   d - +0 cloak {Will+}
rCorr    .         Rampage  .   (gloves unavailable)
Will     ++...     Rnd*Tele +   (boots unavailable)
Stlth    +.........             V - amulet of the acrobat
HPRegen  0.69/turn              k - ring of wizardry
MPRegen  0.20/turn              n - ring of poison resistance

@: no status effects
A: large, unfitting armour, reduced essence, hooves 1, thin metallic scales 1,
teleportitis 1, tough skin 1, subdued magic 1
a: Renounce Religion, Recall Ancestor, Ancestor Identity, Transference, Idealise


You were on level 1 of the Snake Pit.
You worshipped Hepliaklqana.
Hepliaklqana was greatly pleased with you.
You visited 4 branches of the dungeon, and saw 19 of its levels.

You collected 1046 gold pieces.
You spent 361 gold pieces at shops.

Inventory:

Hand Weapons
 f - a +2 flail of holy wrath
 G - a +5 morningstar (weapon)
Missiles
 a - 5 curare-tipped darts
 i - 12 boomerangs (quivered)
 l - 60 poisoned darts
 r - 5 datura-tipped darts
 T - 3 silver boomerangs
Armour
 d - a +0 cloak of willpower (worn)
 I - a scarf of repulsion
 L - a +2 troll leather armour (worn)
 O - a +2 cloak
 Q - a +2 tower shield (worn)
Magical Staves
 U - an uncursed staff of cold
Jewellery
 c - a +4 ring of evasion
 h - an uncursed amulet of reflection
 k - a ring of wizardry (left hand)
 n - a ring of poison resistance (right hand)
 C - a +6 ring of strength
 K - an uncursed amulet of faith
 S - an uncursed ring of see invisible
 V - an amulet of the acrobat (around neck)
Wands
 e - a wand of acid (26)
 o - a wand of iceblast (20)
 y - a wand of polymorph (4)
 z - a wand of flame (15)
 E - a wand of enslavement (7)
 N - a wand of disintegration (11)
 P - a wand of random effects (18)
Scrolls
 m - 2 scrolls of identify
 p - 3 scrolls of fog
 q - a scroll of magic mapping
 s - 4 scrolls of remove curse
 t - a scroll of random uselessness
 w - 2 scrolls of blinking
 A - 2 scrolls of immolation {unknown}
 F - a scroll of acquirement {unknown}
 J - a scroll of fear {unknown}
Potions
 b - 2 potions of heal wounds
 j - a potion of flight {unknown}
 u - 2 potions of berserk rage {unknown}
 x - a potion of magic
 H - a potion of invisibility {unknown}
 M - 3 potions of brilliance
 R - a potion of lignification
 W - a potion of resistance {unknown}


   Skills:
 + Level 6.5 Fighting
 + Level 8.7 Maces & Flails
 - Level 2.5 Throwing
 - Level 0.1 Armour
 - Level 6.0 Dodging
 - Level 1.4 Stealth
 - Level 15.0 Shields
 + Level 8.2 Spellcasting
 - Level 1.0 Conjurations
 - Level 2.4 Transmutations
 - Level 5.1 Air Magic
 + Level 6.5 Poison Magic


You had 14 spell levels left.
You knew the following spells:

 Your Spells              Type           Power        Failure   Level
a - Sting                 Tmut/Pois      68%          1%          1
b - Poisonous Vapours     Pois/Air       40%          1%          2
c - Mephitic Cloud        Conj/Pois/Air  16%          2%          3
d - Olgreb's Toxic Radia  Pois           22%          2%          4
e - Blink                 Tloc           N/A          6%          2
f - Teleport Other        Tloc           5%           13%         3

Your spell library contained the following spells:

 Spells                   Type           Power        Failure   Level
 Foxfire                  Conj/Fire      24%          3%          1
 Ignite Poison            Fire/Tmut/Pois 13%          3%          3
 Corona                   Hex            5%           4%          1
 Freeze                   Ice            20%          4%          1
 Ensorcelled Hibernation  Hex/Ice        10%          6%          2
 Conjure Flame            Conj/Fire      6%           11%         3
 Dazzling Flash           Conj/Hex       12%          11%         3
 Confusing Touch          Hex            5%           13%         3
 Gell's Gravitas          Tloc           2%           13%         3
 Lesser Beckoning         Tloc           2%           13%         3
 Summon Guardian Golem    Hex/Summ       5%           13%         3
 Tukima's Dance           Hex            5%           13%         3
 Passage of Golubria      Tloc           N/A          38%         4
 Fireball                 Conj/Fire      3%           67%         5
 Ignition                 Fire           2%           100%        8


Dungeon Overview and Level Annotations

Branches:
Dungeon (11/15)            Temple (1/1) D:6            Lair (6/6) D:11
 Shoals (0/4) Lair:3        Snake (1/4) Lair:3          Orc (0/2) D:11
  Slime: Lair:5-6

Altars:
Ashenzari
Cheibriados
Dithmenos
Elyvilon
Fedhas
Gozag
Hepliaklqana
Kikubaaqudgha
Makhleb
Nemelex Xobeh
Okawaru
Qazlal
Ru
Sif Muna
Trog
Uskayaw
Vehumet
Wu Jian
Xom
Yredelemnul
Zin
The Shining One

Shops:
D:9 *   D:11 (   Snake:1 =

Annotations:
D:3 2 transporters, osinmv's ghost, amateur HOBe
D:10 1 runed translucent door
Lair:3 3 runed translucent doors, JBAR's ghost, journeyman GnFi


Innate Abilities, Weirdness & Mutations

You are too large for most types of armour.
You have tough skin. (AC +1)
Your life essence is reduced to manifest your ancestor. (-10% HP)
You have large cloven feet.
You are partially covered in thin metallic scales. (AC +2)
You are occasionally teleported next to monsters.
Your spells are a little easier to cast, but a little less powerful.


Message History

The shock serpent is heavily wounded.
The shock serpent's electric aura discharges, shocking you!
You block the shock serpent's attack.
The naga mage hits Ammiditana but does no damage.
The shock serpent bites you but does no damage.
You closely miss the shock serpent.
The shock serpent is heavily wounded.
Ammiditana hits the naga mage with a +0 flail!
You block the shock serpent's attack.
Ammiditana blocks the naga mage's attack.
You impale the shock serpent!!
The shock serpent is almost dead.
The shock serpent's electric aura discharges, shocking you!
You block the shock serpent's attack.
Ammiditana completely misses the naga mage.
The shock serpent shoots out a bolt of lightning at you!
The bolt of electricity hits you!!
* * * LOW HITPOINT WARNING * * *
The bolt of electricity hits you!!
You die...

# # .# #. .#
#.#####.#
##.#.......#.#.#
....∩...S.......
#..R.@#
#.N.##....#
....... ....#
....... ....#
##.#### ^...# #
....# ....#
.....


You could see the friendly Ammiditana the knight, a shock serpent and a naga
mage (catching breath).

Vanquished Creatures
  4 hydras
  A boulder beetle (D:10)
  2 death yaks (D:11)
  2 black mambas
  4 elephants
  2 centaur zombies
  A torpor snail (Lair:3)
  6 cane toads
  2 polar bears (D:8)
  2 trolls (D:8)
  3 hornets (Lair:6)
  10 blink frogs
  A dream sheep (Lair:6)
  A ynoxinul (D:8)
  2 wyverns (D:11)
  6 spriggans
  17 yaks
  A fire elemental (Lair:5)
  A basilisk (Lair:5)
  A soldier ant (D:8)
  3 nagas (Lair:3)
  3 water moccasins
  4 orc warriors
  3 black bears
  3 ice beasts
  A phantom (D:9)
  A sky beast (D:5)
  2 ogres
  30 wolves
  A necrophage (D:6)
  2 boggarts (Lair:6)
  4 centaurs
  A big kobold (D:10)
  6 bullfrogs
  A wyvern zombie (D:11)
  A hornet simulacrum (D:8)
  3 scorpions
  18 killer bees
  16 wights
  A vampire bat (Lair:3)
  2 electric eels (D:8)
  4 howler monkeys
  2 quasits
  A jelly (D:5)
  A bullfrog skeleton (D:4)
  A centaur skeleton (D:6)
  6 orc priests
  4 hounds
  11 orc wizards
  Jessica (D:2)
  Ijyb (D:3)
  2 iguanas
  2 hell rats (D:11)
  5 worker ants
  A killer bee zombie (D:7)
  2 hound skeletons (D:11)
  2 worker ant zombies (D:9)
  Robin (D:2)
  2 gnolls (D:8)
  A howler monkey skeleton (D:6)
  13 adders
  A shadow imp (D:5)
  9 white imps
  A worker ant simulacrum (D:8)
  An ufetubus (D:6)
  2 oozes
  2 adder zombies (D:5)
  A worm (D:2)
  An adder simulacrum (D:8)
  7 leopard geckos
  51 orcs
  7 giant cockroaches
  6 goblins
  11 hobgoblins
  6 jackals
  5 quokkas
  A ball python (D:1)
  10 bats
  4 frilled lizards
  A jackal skeleton (D:4)
  15 kobolds
  A quokka skeleton (D:5)
  6 rats
  2 butterflies
389 creatures vanquished.

Vanquished Creatures (collateral kills)
  A catoblepas (Lair:3)
  2 hydras (Lair:4)
  2 death yaks
  An unseen horror (D:10)
  6 elephants
  3 cane toads
  A black mamba (Lair:5)
  A komodo dragon (Lair:4)
  A polar bear (Lair:1)
  A hornet (D:8)
  8 blink frogs
  5 spriggans
  9 yaks
  A wyvern (D:11)
  A basilisk (Lair:4)
  3 water moccasins
  An orc warrior (D:8)
  2 sky beasts
  4 ice beasts
  An eye of draining (D:9)
  4 black bears
  A necrophage (D:11)
  2 ogres
  10 wolves
  3 centaurs (D:8)
  A big kobold (D:11)
  4 bullfrogs
  A gnoll sergeant (D:8)
  2 killer bees
  A scorpion (D:11)
  2 vampire bats (Lair:3)
  8 wights
  A lava snake (Lair:5)
  A hound (D:9)
  An orc priest (D:11)
  2 jellies
  A centaur skeleton (D:8)
  An orc wizard (D:9)
  An iguana (D:7)
  3 worker ants
  2 hell rats (D:11)
  A hound skeleton (D:10)
  A hound zombie (D:8)
  3 gnolls (D:8)
  2 adders
  A river rat (D:11)
  2 white imps
  A worker ant simulacrum (D:8)
  An adder skeleton (D:6)
  5 orcs
  A ball python (D:7)
  2 kobolds
  A bat (Lair:3)
  A leopard gecko simulacrum (D:8)
  A rat (D:11)
  A butterfly (Lair:1)
130 creatures vanquished.

Vanquished Creatures (others)
  10 knights
  3 ancestors
  A hound simulacrum (D:8)
  A fire vortex (Lair:5)
  8 fungi
  35 plants
58 creatures vanquished.

Grand Total: 577 creatures vanquished

Notes
Turn   | Place    | Note
-------+----------+-------------------------------------------
     0 | D:1      | tizbic2 the Ogre Venom Mage began the quest for the Orb.
     0 | D:1      | Reached XP level 1. HP: 16/16 MP: 3/3
   308 | D:1      | Reached skill level 1 in Fighting
   343 | D:1      | Reached XP level 2. HP: 7/27 MP: 0/5
   626 | D:1      | Reached skill level 1 in Transmutations
  1147 | D:2      | Reached XP level 3. HP: 33/33 MP: 2/7
  1245 | D:2      | Noticed Jessica
  1248 | D:2      | Killed Jessica
  1249 | D:2      | Reached XP level 4. HP: 40/41 MP: 6/8
  1355 | D:2      | Learned a level 2 spell: Poisonous Vapours
  1502 | D:2      | Learned a level 3 spell: Mephitic Cloud
  1792 | D:2      | Noticed Robin
  2081 | D:2      | Killed Robin
  2308 | D:2      | Reached XP level 5. HP: 28/49 MP: 0/10
  2515 | D:3      | Found a transporter.
  2515 | D:3      | Noticed osinmv's ghost (amateur HOBe)
  2534 | D:3      | Found a transporter.
  2549 | D:3      | Reached skill level 1 in Air Magic
  2723 | D:3      | Reached skill level 1 in Throwing
  2735 | D:3      | Reached skill level 1 in Maces & Flails
  2735 | D:3      | Reached XP level 6. HP: 35/57 MP: 4/11
  2869 | D:3      | Noticed Ijyb
  2883 | D:3      | Killed Ijyb
  3228 | D:4      | Reached skill level 1 in Shields
  3364 | D:4      | Learned a level 4 spell: Olgreb's Toxic Radiance
  3543 | D:4      | Reached XP level 7. HP: 29/63 MP: 0/13
  4245 | D:5      | Entered Level 5 of the Dungeon
  4262 | D:5      | Reached skill level 2 in Shields
  4843 | D:5      | Found a glowing silver altar of Zin.
  4884 | D:5      | Reached XP level 8. HP: 33/72 MP: 5/14
  5625 | D:6      | Found a staircase to the Ecumenical Temple.
  6074 | D:6      | Reached skill level 5 in Spellcasting
  6092 | Temple   | Entered the Ecumenical Temple
  6286 | Temple   | Became a worshipper of Hepliaklqana the Forgotten
  6509 | D:6      | Reached skill level 3 in Shields
  6711 | D:6      | Reached XP level 9. HP: 64/72 MP: 11/16
  6774 | D:6      | Found a broken altar of Ashenzari.
  6853 | D:6      | Reached * piety under Hepliaklqana
  6919 | D:6      | Reached skill level 5 in Maces & Flails
  7771 | D:7      | Found a bloodstained altar of Trog.
  7819 | D:7      | Reached skill level 5 in Dodging
  8090 | D:7      | Found a shimmering altar of Xom.
  8717 | D:8      | Reached skill level 4 in Shields
  8850 | D:8      | Reached XP level 10. HP: 76/82 MP: 13/19
  9160 | D:8      | Reached ** piety under Hepliaklqana
  9162 | D:8      | Remembered your ancestor Ammiditana as a knight
  9182 | D:8      | Reached skill level 5 in Poison Magic
  9560 | D:8      | Paralysed by a hornet for 3 turns
  9933 | D:8      | Found a bloodstained altar of Trog.
 10052 | D:8      | Found a shimmering blue altar of Sif Muna.
 10060 | D:8      | Identified Sif Muna's Papyrus of Captivating Ice
 10125 | D:8      | Reached skill level 1 in Conjurations
 10148 | D:8      | Reached skill level 5 in Air Magic
 10402 | D:8      | Reached skill level 5 in Shields
 10402 | D:8      | Reached XP level 11. HP: 54/90 MP: 18/21
 10690 | D:9      | Found Meelom's Assorted Antiques.
 10731 | D:9      | Bought a scroll of identify for 76 gold pieces
 10731 | D:9      | Bought a runed tower shield for 285 gold pieces
 11022 | D:9      | Reached skill level 6 in Shields
 11089 | D:9      | Reached *** piety under Hepliaklqana
 11138 | D:9      | Noticed a two-headed ogre
 11168 | D:9      | Noticed an anaconda
 11168 | D:9      | a two-headed ogre changed into an anaconda
 11513 | D:10     | Entered Level 10 of the Dungeon
 11531 | D:10     | Noticed a boulder beetle
 11658 | D:10     | Killed a boulder beetle
 11659 | D:10     | Reached skill level 7 in Shields
 12047 | D:10     | Killed an unseen horror
 12048 | D:10     | Reached skill level 8 in Shields
 12160 | D:10     | Found a runed translucent door.
 12166 | D:10     | Noticed an orc knight
 12549 | D:10     | Reached **** piety under Hepliaklqana
 12820 | D:11     | Reached skill level 9 in Shields
 12863 | D:11     | Found Niemek's Weapon Emporium.
 12876 | D:11     | Found a staircase to the Orcish Mines.
 12914 | D:11     | Noticed a death yak
 12920 | D:11     | Noticed a death yak
 12922 | D:11     | Noticed a death yak
 13246 | D:11     | Killed a death yak
 13247 | D:11     | Reached skill level 10 in Shields
 13247 | D:11     | Reached XP level 12. HP: 68/99 MP: 11/22
 13257 | D:11     | Killed a death yak
 13261 | D:11     | Killed a death yak
 13409 | D:11     | Found a staircase to the Lair.
 13550 | Lair:1   | Entered Level 1 of the Lair of Beasts
 13639 | Lair:1   | Noticed a seven-headed hydra
 13673 | Lair:1   | Killed a seven-headed hydra
 13674 | Lair:1   | Reached skill level 11 in Shields
 13775 | Lair:1   | Reached ***** piety under Hepliaklqana
 14324 | Lair:1   | Reached skill level 12 in Shields
 14785 | Lair:2   | Noticed a six-headed hydra
 14823 | Lair:1   | Killed a six-headed hydra
 15023 | Lair:2   | Reached skill level 13 in Shields
 15039 | Lair:2   | Reached XP level 13. HP: 54/105 MP: 8/23
 15187 | Lair:2   | Gained mutation: You have large cloven feet. [potion of
                  | mutation]
 15187 | Lair:2   | Gained mutation: You are occasionally teleported next to
                  | monsters. [potion of mutation]
 15187 | Lair:2   | Gained mutation: Your spells are a little easier to cast,
                  | but a little less powerful. [potion of mutation]
 15187 | Lair:2   | Gained mutation: You are partially covered in thin metallic
                  | scales. (AC +2) [potion of mutation]
 15738 | Lair:3   | Found a runed translucent gate.
 15738 | Lair:3   | Found a runed translucent gate.
 15738 | Lair:3   | Found a runed translucent gate.
 15743 | Lair:3   | Noticed JBAR's ghost (journeyman GnFi)
 16023 | Lair:3   | Found a staircase to the Snake Pit.
 16094 | Lair:3   | Reached skill level 14 in Shields
 16179 | Lair:3   | Found a staircase to the Shoals.
 16477 | Lair:3   | Learned a level 2 spell: Blink
 17156 | Lair:4   | Reached ****** piety under Hepliaklqana
 17201 | Lair:4   | Reached skill level 15 in Shields
 17207 | Lair:4   | Learned a level 3 spell: Teleport Other
 17336 | Lair:4   | Reached skill level 5 in Fighting
 17723 | Lair:5   | Identified Gifises's Volume of Ignition
 17768 | Lair:5   | You fall into a shaft and drop 1 floor!
 17768 | Lair:6   | Entered Level 6 of the Lair of Beasts
 17870 | Lair:6   | Reached XP level 14. HP: 110/117 MP: 16/25
 18018 | Lair:6   | Found the ring of the Octopus King
 18446 | Snake:1  | Entered Level 1 of the Snake Pit
 18446 | Snake:1  | Found Orphuebby's Jewellery Shoppe.
 18581 | Snake:1  | Killed from afar by a shock serpent

Illustrated notes

Levels and vault maps discovered:
D:1:      dpeg_arrival_rhombi, layout_basic,
          wander_ebering_terrifying_dragon_lair
D:2:      layout_basic, uniq_robin, uniq_jessica
D:3:      layout_loops_cross, portal_sewer_entry_d, gammafunk_ghost_stat_death,
          st_stairs_3, uniq_ijyb
D:4:      layout_basic
D:5:      layout_loops_ring, basic_altar
D:6:      layout_cave_pods, ashenzari_conservatory_becter,
          minmay_temple_entry_butterflies
D:7:      layout_cave_pods, general_overflow_altar, bloody_trog
D:8:      layout_loops_ring, nzn_overflow_gifts_of_might_and_magic, serial_ice,
          serial_ice_h, serial_ice_o, serial_ice_a, serial_ice_g, serial_ice_j,
          serial_ice_d, serial_ice_f, serial_ice_c, hangedman_pestilent_swarm
D:9:      layout_stronghold, serial_shops, nicolae_shop_overgrown_old_shop
D:10:     layout_loops_cross, chequers_serial_rivers_large_a,
          lightli_church_of_beogh
D:11:     layout_basic, dpeg_lair_monsters, orc_david_3, minmay_fountain_box,
          the_bakery
Temple:   hc_temple_tempest_star
Lair:1:   layout_cellular_growth, grunt_megastairs_5, lemuel_fruit_fields
Lair:2:   layout_cave_shapes, grunt_megastairs_2, lemuel_fruit_tree
Lair:3:   wander_river, layout_regular_city, shoals_dummy_entry,
          guppyfry_snake_entry_garden, gammafunk_ghost_necromancy, st_stairs_12,
          roderic_batcave, chequers_serial_rivers_small_3
Lair:4:   wad_woods_tower, layout_cave_pods, lemuel_fruit_fields
Lair:5:   layout_gridlike, slime_altar_2, chequers_serial_rivers_small_b,
          hangedman_lair_unloving_vines, minmay_lair_oklob_chamber
Lair:6:   minmay_lair_end_enchanted_forest, layout_small_grid
Snake:1:  layout_basic, minmay_shop_enchanted_jewellery, uniq_asterion,
          uniq_aizul

Skill      XL: |  1  2  3  4  5  6  7  8  9 10 11 12 13 14 |
---------------+-------------------------------------------+-----
Fighting       | 1 2 4 6 |  6.5
Transmutations | 1 2 |  2.4
Poison Magic   | 3 4 5 6 |  6.5
Dodging        | 2 3 4 5 6 |  6.0
Spellcasting   | 3 4 5 6 7 8 |  8.2
Air Magic      | 1 2 3 4 5 |  5.1
Throwing       | 1 2 |  2.5
Maces & Flails | 1 2 3 4 5 7 8 |  8.7
Shields        | 1 2 3 4 5 10 13 15 | 15.0
Conjurations   | 1 |  1.0
Armour         | |  0.1
Stealth        | |  1.4

Action                   |  1- 3 |  4- 6 |  7- 9 | 10-12 | 13-15 || total
-------------------------+-------+-------+-------+-------+-------++-------
Melee: Club              |    15 |       |       |       |       ||    15
       Unarmed           |     2 |       |       |       |       ||     2
       Whip              |    37 |    70 |       |       |       ||   107
       Mace              |       |    30 |       |       |       ||    30
       Flail             |       |    37 |   135 |    10 |       ||   182
       Dire flail        |       |       |    77 |   104 |       ||   181
       Morningstar       |       |       |       |   330 |   303 ||   633
       Kick              |       |       |       |       |    71 ||    71
Throw: Stone             |    14 |    21 |     6 |       |       ||    41
       Boomerang         |       |       |    10 |     4 |     3 ||    17
 Cast: Sting             |    32 |    14 |    13 |    17 |     3 ||    79
       Poisonous Vapours |       |    40 |    38 |   118 |    31 ||   227
       Mephitic Cloud    |       |    10 |       |     8 |     2 ||    20
       Olgreb's Toxic Ra |       |     2 |    17 |    32 |    22 ||    73
       Blink             |       |       |       |       |     8 ||     8
Invok: Ancestor Identity |       |       |     1 |       |       ||     1
       Recall Ancestor   |       |       |       |     1 |     4 ||     5
       Ancestor Life: Kn |       |       |       |     1 |       ||     1
Evoke: Wand              |       |       |       |     3 |       ||     3
  Use: Scroll            |       |     6 |     5 |    10 |     8 ||    29
       Potion            |       |       |     4 |    10 |     3 ||    17
 Stab: Confused          |       |     2 |       |     4 |       ||     6
       Sleeping          |       |       |     2 |       |       ||     2
       Distracted        |       |       |       |     4 |     2 ||     6
Armor: Robe              |    12 |    34 |    42 |     5 |       ||    93
       Skin              |       |       |    29 |     4 |     9 ||    42
       Troll leather arm |       |       |       |   131 |    62 ||   193
Dodge: Dodged            |    43 |    77 |   153 |   234 |   135 ||   642
       Repelled          |       |       |     2 |     6 |       ||     8
Block: Other             |    10 |    46 |    65 |    28 |       ||   149
       Reflection        |       |     6 |     2 |     1 |       ||     9
       Tower shield      |       |       |       |   474 |   443 ||   917
